 Dungeon Crawl Stone Soup version 0.29.1-4-g47bece8355 (webtiles) character file.

Game seed: 4613652428760814153

15 hawla the Gusty (level 2, -1/20 HPs)
             Began as a Meteoran Air Elementalist on Dec 4, 2022.
             Succumbed to an adder's poison
             ... on level 2 of the Dungeon.
             The game lasted 00:02:20 (532 turns).

hawla the Gusty (Meteoran Air Elementalist)          Turns: 532, Time: 00:02:20

Health: -1/20      AC:  2    Str:  9    XL:     2   Next: 88%
Magic:  6/7        EV: 13    Int: 16    God:
Gold:   41         SH:  0    Dex: 18    Spells: 6/7 levels left

rFire   . . .      SeeInvis .   f - +7 flail of True Grit {freeze, rElec Dex+4}
rCold   . . .      Faith    .   (no shield)
rNeg    . . .      Spirit   .   a - +0 robe
rPois   .          Reflect  .   (no helmet)
rElec   +          Harm     .   (no cloak)
rCorr   .          Rampage  .   (no gloves)
Will    .....                   (no boots)
Stlth   +.........              (no amulet)
HPRegen 0.06/turn               (no ring)
MPRegen 0.10/turn               (no ring)

@: brilliant, lethally poisoned (-1 -> -7), glowing
A: sense surroundings 1, otherworldly, glowing, explore regen
a: no special abilities


You were on level 2 of the Dungeon.
You visited 1 branch of the dungeon, and saw 2 of its levels.

You collected 41 gold pieces.

Inventory:

Hand Weapons
 f - the +7 flail of True Grit (weapon) {freeze, rElec Dex+4}
   (You acquired it on level 2 of the Dungeon)

   It freezes those it strikes, dealing additional cold damage.
   It can also slow down cold-blooded creatures.
   Dex:       It affects your dexterity (+4).
   rElec:     It insulates you from electricity.
Armour
 a - a +0 robe (worn)
Scrolls
 c - 3 scrolls of identify
 d - 3 scrolls of teleportation
Potions
 b - a potion of magic
 e - a potion of brilliance


   Skills:
 + Level 2.6 Dodging
 - Level 1.4 Stealth
 + Level 3.0 Spellcasting
 + Level 1.2 Conjurations
 + Level 4.2 Air Magic


You had 6 spell levels left.
You knew the following spells:

 Your Spells              Type           Power      Damage    Failure   Level
a - Shock                 Conj/Air       64%        1d7       6%          1

Your spell library contained the following spells:

 Spells                   Type           Power      Damage    Failure   Level
 Static Discharge         Conj/Air       16%        3-5/arc   9%          2
 Swiftness                Air            24%        N/A       10%         3
 Airstrike                Air            12%        2d(2-18)  32%         4


Dungeon Overview and Level Annotations

Branches:
Dungeon (2/15) Zot: 665

Altars:
Trog


Innate Abilities, Weirdness & Mutations

You passively map a small area around you.
You are easily found by Zot.
You glow in the dark.
You regain HP and MP as you explore.


Message History

* * * LOW HITPOINT WARNING * * *
The worm closely misses you. The adder attacks as you move away!
The adder misses you.
An adder comes into view.
Found a blackened ruby amulet.
Found a stone staircase leading down.
The adder bites you but does no damage.
Found a sling, a robe and 5 stones.
The adder bites you but does no damage. The adder closely misses you.
Found a bloodstained altar of Trog.
Casting: Shock (safe; 6% risk of failure)
Confirm with . or Enter, or press ? or * to list all spells.
You don't know that spell.
The adder bites you. The adder bites you but does no damage.
The adder attacks as you move away! The adder bites you but does no damage.
The adder completely misses you. The adder attacks as you move away!
The adder bites you.
You are poisoned.
The adder poisons you!
You feel sick.
You see here an amulet of reflection.
You hit the adder.
The adder seems to slow down.
You freeze the adder.
The adder is severely wounded.
You feel sick. The adder bites you but does no damage. The adder bites you.
* * * LOW HITPOINT WARNING * * *
The adder bites you.
* * * LOW HITPOINT WARNING * * *
Unknown command.
You feel clever all of a sudden.
You feel sick.
You are no longer poisoned.
The adder is no longer moving slowly.
The adder bites you.
* * * LOW HITPOINT WARNING * * *
You are lethally poisoned!
The adder poisons you! The adder closely misses you.
Casting: Shock (safe; 6% risk of failure)
Confirm with . or Enter, or press ? or * to list all spells.
Aiming: Shock (safe; 6% risk of failure)
Press: ? - help, Shift-Dir - straight line, f - adder
Aim: an adder (53% to hit)
You feel a surge of power!
The zap misses the adder.
You die...

,,
#..............[.. *
#.................
.................)..
######..............
* #..............,*
#.............. *
#.#....w......#
#..##..SS....... *
#.# #...@>...... , ,
,.. *#.#......... *
, , ...#....#.... ,
.......#######. , ,
, .._..## , ....., ,
.. , , * * ,##. * *
,


You could see a worm and 2 adders.

Vanquished Creatures
  A dart slug (D:1)
  A ball python (D:1)
  A giant cockroach (D:2)
  2 goblins (D:1)
  2 hobgoblins (D:1)
  2 bats (D:1)
  2 frilled lizards (D:1)
  A kobold (D:1)
  2 rats (D:1)
14 creatures vanquished.

Vanquished Creatures (others)
  3 plants (D:1)
3 creatures vanquished.

Grand Total: 17 creatures vanquished

Notes
Turn   | Place    | Note
-------+----------+-------------------------------------------
     0 | D:1      | hawla the Meteoran Air Elementalist began the quest for the
                  | Orb.
     0 | D:1      | Reached XP level 1. HP: 14/14 MP: 5/5
    81 | D:1      | Reached skill level 4 in Air Magic
    81 | D:1      | Reached XP level 2. HP: 20/20 MP: 4/6
   496 | D:2      | Identified a scroll of acquirement
   497 | D:2      | Acquired the +7 flail of True Grit {freeze, rElec Dex+4}
   526 | D:2      | Found a bloodstained altar of Trog.
   531 | D:2      | HP: 1/20 [adder (3)]
   532 | D:2      | Succumbed to an adder's poison

Illustrated notes

Levels and vault maps discovered:
D:1:      giann_forest_graveyard, layout_loops_ring, serial_forest,
          infiniplex_forest_clump_small, infiniplex_forest_straight_3,
          infiniplex_forest_lined_3, infiniplex_forest_clump_curved,
          infiniplex_forest_straight_5, infiniplex_forest_straight_4,
          infiniplex_forest_pool, nrook_campfire, minmay_pentomino_u4
D:2:      layout_rooms, basic_altar

Skill      XL: |  1  2 |
---------------+-------+-----
Air Magic      | 4 |  4.2
Spellcasting   | 3 |  3.0
Dodging        | |  2.6
Stealth        | |  1.4
Conjurations   | |  1.2

Action                   || total
-------------------------++-------
Melee: Unarmed           ||    10
       Flail             ||     2
 Cast: Shock             ||    24
  Use: Scroll            ||     4
       Potion            ||     1
Armor: Robe              ||     9
Dodge: Dodged            ||    14
